 Dungeon Crawl Stone Soup version 0.29.0-11-gd7f09526c8 (webtiles) character file.

Game seed: 7029806557664336895

734 Flugkiller the Chopper (level 7, 0/63 HPs)
             Began as a Minotaur Fighter on Sept 5, 2022.
             Was an Initiate of Gozag.
             Succumbed to a gnoll sergeant's poison
             ... on level 5 of the Dungeon.
             The game lasted 00:02:09 (3985 turns).

Flugkiller the Chopper (Minotaur Fighter)           Turns: 3985, Time: 00:02:10

Health: 0/63       AC: 14    Str: 21    XL:     7   Next: 45%
Magic:  6/6        EV:  6    Int:  5    God:    Gozag
Gold:   152        SH:  4    Dex: 11    Spells: 6/6 levels left

rFire   . . .      SeeInvis .   a - +0 war axe
rCold   + . .      Faith    .   h - +0 buckler
rNeg    . . .      Spirit   .   p - +0 plate armour
rPois   .          Reflect  .   (helmet restricted)
rElec   .          Harm     .   (no cloak)
rCorr   .          Rampage  .   e - +0 pair of gloves
Will    .....                   (no boots)
Stlth   ..........              (no amulet)
HPRegen 0.20/turn               c - ring of protection from cold
MPRegen 0.10/turn               (no ring)

@: lethally poisoned (0 -> -8), gold aura, flying
A: horns 2, retaliatory headbutt
a: Renounce Religion, Potion Petition, Call Merchant, Bribe Branch


You were on level 5 of the Dungeon.
You worshipped Gozag.
Gozag was aware of your devotion.
You visited 2 branches of the dungeon, and saw 6 of its levels.
You also visited: Ossuary.

You collected 212 gold pieces.
You paid 60 gold pieces to Gozag.

Inventory:

Hand Weapons
 a - a +0 war axe (weapon)
Armour
 e - a +0 pair of gloves (worn)
   (You found it on level 1 of the Dungeon)
 h - a +0 buckler (worn)
 p - a +0 plate armour (worn)
   (You found it on level 2 of the Dungeon)
 x - a +0 kite shield
   (You found it on level 3 of the Dungeon)
Jewellery
 c - a ring of protection from cold (left hand)
   (You found it on level 1 of the Dungeon)
 s - a ring of wizardry
   (You found it on level 3 of the Dungeon)
Scrolls
 b - a scroll of brand weapon {unknown}
 g - 9 scrolls of identify {unknown}
 j - 2 scrolls of blinking {unknown}
 m - 2 scrolls of noise {unknown}
 o - a scroll of enchant weapon {unknown}
 v - 3 scrolls of teleportation {unknown}
 y - a scroll of enchant armour {unknown}
Potions
 d - a potion of might
 f - a potion of cancellation {unknown}
 i - a potion of lignification {unknown}
 k - 3 potions of mutation {unknown}
 l - 2 potions of attraction {unknown}
 n - 3 potions of curing {unknown}
 q - 4 potions of flight
 r - a potion of berserk rage {unknown}
 t - a potion of brilliance {unknown}
 u - 2 potions of magic {unknown}
 w - 2 potions of heal wounds


   Skills:
 + Level 6.0 Fighting
 * Level 7.4 Axes
 + Level 6.1 Armour
 + Level 0.5 Dodging
 - Level 3.6 Shields


You had 6 spell levels left.
You didn't know any spells.
Your spell library was empty.

Dungeon Overview and Level Annotations

Branches:
Dungeon (5/15)             Temple (1/1) D:4         Ossuary (visited)

Altars:
Ashenzari
Cheibriados
Elyvilon
Fedhas
Gozag
Hepliaklqana
Makhleb
Nemelex Xobeh
Qazlal
Ru
Sif Muna
Trog
Uskayaw
Vehumet
Xom
Yredelemnul
Zin
The Shining One

Shops:
D:1 (

Annotations:
D:4 1 transporter, MoonlitKnight's ghost, amateur MfGl


Innate Abilities, Weirdness & Mutations

You have a pair of horns on your head.
You reflexively headbutt those who attack you in melee.


Message History

The scorpion stings you.
You closely miss the scorpion.
The scorpion stings you but does no damage. x2
You hit the scorpion.
The scorpion is moderately wounded.
The gnoll is distracted by your dazzling golden aura.
The scorpion stings you but does no damage.
The gnoll shouts!
You hit the scorpion but do no damage.
The scorpion is moderately wounded.
The gnoll is no longer distracted by gold.
You block the scorpion's attack. You block the gnoll sergeant's attack.
The gnoll sergeant hits you from afar with a +0 trident of venom.
A gnoll comes into view. It is wielding a +0 flail.
The scorpion stings you.
You are poisoned.
The scorpion poisons you!
You closely miss the scorpion.
The scorpion is moderately wounded.
You feel very sick. The scorpion stings you.
You block the gnoll sergeant's attack.
You hit the scorpion.
The scorpion is moderately wounded.
You feel very sick. The scorpion closely misses you. You furiously retaliate!
You headbutt the scorpion.
The gnoll sergeant hits you from afar with a +0 trident of venom.
You are more poisoned.
You hit the scorpion but do no damage. You headbutt the scorpion.
The scorpion is severely wounded.
You feel very sick.
The scorpion stings you but does no damage.
The gnoll sergeant hits you but does no damage.
You are more poisoned.
The scorpion stings you but does no damage.
You hit the scorpion but do no damage. Your headbutt misses the scorpion.
The scorpion is severely wounded.
You feel very sick. You block the scorpion's attack.
You block the gnoll sergeant's attack.
You barely miss the scorpion.
The scorpion is severely wounded.
You feel very sick. The scorpion closely misses you. You furiously retaliate!
You headbutt the scorpion.
The gnoll sergeant hits you from afar with a +0 trident of venom.
The scorpion stings you but does no damage.
It was a potion of flight.
You feel very buoyant.
You fly up into the air.
You feel very sick. You block the gnoll sergeant's attack.
The scorpion barely misses you.
Okay, then.
It was a potion of heal wounds.
You feel much better.
w - 2 potions of heal wounds;
i - a grey potion You feel very sick.
The gnoll sergeant hits you but does no damage.
You are more poisoned.
The scorpion stings you but does no damage.
You closely miss the scorpion.
The scorpion is severely wounded.
You feel very sick. The gnoll sergeant closely misses you.
The scorpion stings you but does no damage.
You closely miss the scorpion.
The scorpion is severely wounded.
You feel very sick.
The scorpion stings you but does no damage.
The gnoll sergeant barely misses you. The scorpion barely misses you.
You closely miss the scorpion. You headbutt the scorpion.
The scorpion is almost dead.
You feel very sick.
The gnoll sergeant hits you from afar with a +0 trident of venom.
You are more poisoned.
The scorpion stings you but does no damage.
The gnoll sergeant hits you but does no damage.
You are more poisoned.
You hit the scorpion.
You kill the scorpion!
You feel extremely sick. The gnoll sergeant barely misses you.
* * * LOW HITPOINT WARNING * * *
You feel very sick.
The gnoll sergeant is distracted by your dazzling golden aura.
A gnoll comes into view. It is wielding a +0 halberd.
You see here 5 gold pieces.
A gnoll sergeant comes into view. It is wielding a +0 spear.
You feel very sick.
The gnoll sergeant shouts! x2; You hear a shout!
The gnoll sergeant is no longer distracted by gold.
The gnoll sergeant hits you from afar with a +0 spear.
* * * LOW HITPOINT WARNING * * *
A gnoll comes into view. It is wielding a +0 flail.
* * * LOW HITPOINT WARNING * * *
You feel very sick.
The gnoll shouts!
A gnoll comes into view. It is wielding a +0 spear.
The gnoll sergeant hits you from afar with a +0 spear.
* * * LOW HITPOINT WARNING * * *
You die...
Your body crumbles into a pile of gold.

# ### #. #.. ..
#.# .#
#.#####..####
#.##.<.......
##.#.#<#.##.##
#.####...###..#
#.......@# #.#
######...###.###.#
##...#......#
#g##$# #.##g#
..##.# ##g##g#
#.##g# #g##g.


You could see 2 gnoll sergeants and a gnoll.

Vanquished Creatures
  2 elf zombies (Ossuary)
  A scorpion (D:5)
  A howler monkey (D:4)
  2 centaur zombies (Ossuary)
  An orc priest (D:3)
  2 human zombies (Ossuary)
  Jessica (D:2)
  An orc wizard (D:3)
  3 hound zombies (Ossuary)
  3 mummies (Ossuary)
  5 gnolls
  6 adders
  3 adder zombies (Ossuary)
  4 dart slugs
  6 orcs
  5 bats
  7 endoplasms
  7 giant cockroaches
  A gnoll zombie (Ossuary)
  11 goblins
  4 hobgoblins
  7 kobolds
  A quokka (D:1)
  11 ball pythons
  7 frilled lizards
  3 goblin zombies (Ossuary)
  5 jackal zombies (Ossuary)
  4 kobold zombies (Ossuary)
  3 orc zombies (Ossuary)
  3 quokka zombies (Ossuary)
  6 rats (D:1)
  4 rat zombies (Ossuary)
130 creatures vanquished.

Notes
Turn   | Place    | Note
-------+----------+-------------------------------------------
     0 | D:1      | Flugkiller the Minotaur Fighter began the quest for the
                  | Orb.
     0 | D:1      | Reached XP level 1. HP: 19/19 MP: 0/0
   173 | D:1      | Reached skill level 3 in Axes
   173 | D:1      | Reached XP level 2. HP: 25/27 MP: 1/1
   297 | D:1      | Reached XP level 3. HP: 33/33 MP: 2/2
   609 | D:1      | Found Fanwi's Antique Weapon Shop.
   935 | D:2      | Noticed Jessica
   940 | D:2      | Killed Jessica
   941 | D:2      | Reached skill level 4 in Axes
   941 | D:2      | Reached XP level 4. HP: 33/41 MP: 3/3
  1436 | D:2      | Reached XP level 5. HP: 47/47 MP: 4/4
  1767 | D:2      | Found a faded altar of an unknown god.
  1830 | D:3      | Reached skill level 5 in Axes
  1898 | D:3      | Reached skill level 5 in Fighting
  2001 | D:3      | Reached skill level 5 in Armour
  2125 | D:3      | Found a shimmering altar of Xom.
  2262 | D:3      | Found a blossoming altar of Fedhas.
  2732 | D:4      | Noticed MoonlitKnight's ghost (amateur MfGl)
  2735 | D:4      | Found a transporter.
  2735 | D:4      | Noticed an ogre
  2735 | D:4      | Identified the +1 giant club of Caxol {protect, rF+ rC+
                  | Int+2 SInv}
  2735 | D:4      | Noticed an ogre
  2892 | D:4      | Found a sand-covered staircase.
  2923 | Ossuary  | Entered an ossuary
  2943 | Ossuary  | Reached XP level 6. HP: 56/56 MP: 5/5
  2967 | Ossuary  | Reached skill level 6 in Axes
  3113 | Ossuary  | Reached XP level 7. HP: 62/62 MP: 6/6
  3151 | Ossuary  | Reached skill level 7 in Axes
  3308 | D:4      | Found a staircase to the Ecumenical Temple.
  3768 | Temple   | Entered the Ecumenical Temple
  3881 | Temple   | Became a worshipper of Gozag Ym Sagoz the Greedy
  3951 | D:5      | Entered Level 5 of the Dungeon
  3984 | D:5      | HP: 2/63 [gnoll sergeant/+0 spear (5)]
  3985 | D:5      | Succumbed to a gnoll sergeant's poison

Illustrated notes

Levels and vault maps discovered:
D:1:      dpeg_arrival_refuge, layout_loops_ring, serial_shops,
          nicolae_lakefront_shop
D:2:      layout_rooms, shapermc_ecumenical_altar_pompeii,
          minmay_quadrilaterals, uniq_jessica
D:3:      layout_loops_ring, xom_teletrap_fun, lemuel_doored_altar,
          hangedman_decor_push
D:4:      layout_loops_ring, minmay_temple_entry_nine_rooms,
          chequers_ossuary_entry_cave, gammafunk_ghost_smash
D:5:      layout_loops_ring, minmay_statues_item, kennysheep_small_circle
Temple:   nicolae_temple_superstar

Skill      XL: |  1  2  3  4  5  6  7 |
---------------+----------------------+-----
Axes           | 3 4 5 6 7 |  7.4
Fighting       | 4 5 6 |  6.0
Armour         | 4 5 6 |  6.1
Dodging        | |  0.5
Shields        | |  3.6

Action                   |  1- 3 |  4- 6 |  7- 9 || total
-------------------------+-------+-------+-------++-------
Melee: War axe           |    78 |   159 |    50 ||   287
       Headbutt          |     8 |    23 |    12 ||    43
  Use: Potion            |       |     1 |     2 ||     3
Armor: Scale mail        |    31 |    12 |       ||    43
       Plate armour      |       |    92 |    44 ||   136
Dodge: Dodged            |    38 |    48 |    16 ||   102
Block: Buckler           |    21 |    22 |     9 ||    52
